 Dungeon Crawl Stone Soup version 0.22.1-2-g9c5b331 (webtiles) character file.

99 Fang the Skirmisher (level 4, -4/43 HPs)
             Began as a Gargoyle Berserker on Dec 17, 2018.
             Was a Believer of Trog.
             Slain by a gnoll
             ... wielding a +0 halberd
              (8 damage)
             ... on level 2 of the Dungeon.
             The game lasted 00:01:15 (1133 turns).

Fang the Skirmisher (Gargoyle Berserker)            Turns: 1133, Time: 00:01:16

Health: -4/43      AC:  9    Str: 26    XL:     4   Next: 72%
Magic:  4/4        EV: 11    Int:  8    God:    Trog [**....]
Gold:   46         SH:  0    Dex:  9    Spells: 3/3 levels left

rFire    . . .     SeeInvis .   a - +0 hand axe
rCold    . . .     Gourm    .   (no shield)
rNeg     + . .     Faith    .   k - +0 ring mail
rPois    ∞         Spirit   .   (no helmet)
rElec    +         Reflect  .   (no cloak)
rCorr    .         Harm     .   (no gloves)
MR       .....                  (no boots)
Stlth    ..........             (no amulet)
HPRegen  0.14/turn              (no ring)
MPRegen  0.09/turn              (no ring)

@: berserking, very quick
A: negative energy resistance 1, electricity resistance, unbreathing,
petrification resistance, rot immunity, AC +3
a: Berserk, Trog's Hand, Renounce Religion


You were on level 2 of the Dungeon.
You worshipped Trog.
Trog was pleased with you.
You were not hungry.

You visited 1 branch of the dungeon, and saw 2 of its levels.

You collected 46 gold pieces.

Inventory:

Hand Weapons
 a - a +0 hand axe (weapon)
Armour
 k - a +0 ring mail (worn)
Scrolls
 b - a scroll of immolation {unknown}
 e - a scroll of identify {unknown}
 h - a scroll of fear {unknown}
 i - a scroll of remove curse {unknown}
Potions
 d - a potion of haste {unknown}
 f - a potion of curing {unknown}
 g - a potion of cancellation {unknown}
 j - 2 potions of heal wounds {unknown}
 l - a potion of degeneration {unknown}
Comestibles
 c - 4 rations


   Skills:
 + Level 4.2 Fighting
 + Level 3.8 Axes
 + Level 2.6 Armour
 + Level 2.0 Dodging


You had 3 spell levels left.
You didn't know any spells.
Your spell library was empty.

Dungeon Overview and Level Annotations

Branches:
Dungeon (2/15)

Altars:


Innate Abilities, Weirdness & Mutations

You are resistant to torment.
Your stone body is resilient. (AC +3)
You are immune to poison.
You resist negative energy. (rN+)
You are resistant to electric shocks. (rElec)
You can survive without breathing.
You are immune to petrification.
You are immune to rotting.


Message History

The kobold hits you but does no damage. The dart slug closely misses you.
The adder misses you. The kobold closely misses you.
You see here a gnoll corpse.
Your ring mail prevents you from hitting the adder.
The adder is heavily wounded.
You hit the rat.
You kill the rat!
Trog accepts your kill.
You completely miss the kobold. The kobold hits you but does no damage.
The adder bites you but does no damage.
You slash the adder!
You kill the adder!
Trog accepts your kill.
You hit the kobold.
You kill the kobold!
Trog accepts your kill. The gnoll barely misses you.
The gnoll hits you with a halberd!
You die...

#....#
#....########
#....'......#
#....######.#
##....##
#.....(#
#......#
#.%...(###
####.†@g.#
#......sw..''...
#..###.....##...
# #.....# ..
#.....# ......#
...##### ....


You could see a gnoll, a dart slug and a giant cockroach.

Vanquished Creatures
  2 gnolls (D:2)
  An adder (D:2)
  An ooze (D:1)
  A worm (D:2)
  A dart slug (D:1)
  4 leopard geckos
  3 giant cockroaches
  7 goblins
  9 hobgoblins
  5 jackals
  8 kobolds
  A ball python (D:1)
  3 bats (D:1)
  3 frilled lizards
  6 rats
55 creatures vanquished.

Notes
Turn   | Place    | Note
-------+----------+-------------------------------------------
     0 | D:1      | Fang the Gargoyle Berserker began the quest for the Orb.
     0 | D:1      | Reached XP level 1. HP: 14/14 MP: 1/1
    19 | D:1      | Reached XP level 2. HP: 18/19 MP: 2/2
    86 | D:1      | Reached XP level 3. HP: 9/24 MP: 3/3
   380 | D:1      | Reached ** piety under Trog
   926 | D:2      | Reached XP level 4. HP: 29/29 MP: 4/4
  1052 | D:2      | Reached skill level 4 in Fighting
  1133 | D:2      | Slain by a gnoll

Skill      XL: |  1  2  3  4 |
---------------+-------------+-----
Axes           | 3 |  3.8
Fighting       | 4 |  4.2
Dodging        | 2 |  2.0
Armour         | |  2.6

Action                   |  1- 3 |  4- 6 || total
-------------------------+-------+-------++-------
Melee: Hand axe          |   111 |    37 ||   148
Invok: Berserk           |     2 |     1 ||     3
  Eat: Chunk             |     1 |     2 ||     3
Armor: Animal skin       |    27 |       ||    27
       Ring mail         |    17 |    28 ||    45
Dodge: Dodged            |    92 |    37 ||   129
